TOP OF THE 1ST |
Portland Angels batting - Pitching for Colorado Avalanche : RHP Jerry Dunne
|
Pitching: RHP Jerry Dunne
|
|
Batting: RHB Fernando Sosa
|
0-0: Ground out 5-3 (Groundball, 56, EV 83.1 MPH)
|
Batting: RHB Dan Contreras
|
0-0: Called Strike 0-1: Ball 1-1: DOUBLE (Groundball, 5L, EV 103.1 MPH)
|
Batting: LHB Ramon Garduno
|
0-0: Called Strike 0-1: Swinging Strike 0-2: Foul Ball, location: 2F 0-2: Fly out, F9 (Flyball, 89D, EV 95.0 MPH) Runner from 2nd tags up, SAFE at 3rd, no throw by RF
|
Batting: RHB Alex Rosaly
|
0-0: Ground out 5-3 (Groundball, 56S, EV 88.1 MPH)
|
Top of the 1st over - 0 runs, 1 hit, 0 errors, 1 left on base; Portland 0 - Colorado 0 |
BOTTOM OF THE 1ST |
Colorado Avalanche batting - Pitching for Portland Angels : RHP Hector Agudelo
|
Pitching: RHP Hector Agudelo
|
|
Batting: LHB Mick Tucker
|
0-0: Ball 1-0: Called Strike 1-1: Foul Ball, location: 2F 1-2: Foul Ball, location: 2F 1-2: Foul Ball, location: 2F 1-2: Foul Ball, location: 2F 1-2: DOUBLE (Flyball, 78XD, EV 92.5 MPH)
|
Batting: RHB Chris Tatum
|
0-0: Foul Ball, location: 2F 0-1: Called Strike 0-2: SINGLE (Groundball, 6M, EV 84.4 MPH) (infield hit) Mick Tucker to third
|
Batting: LHB Zane Kelton
|
0-0: Fly out, F7 (Flyball, 7S, EV 96.9 MPH)
|
Batting: LHB Glenn Lowther
|
0-0: Ball 1-0: Ball 2-0: Called Strike 2-1: Foul Ball, location: 2F 2-2: Ball 3-2: Foul Ball, location: 2F 3-2: Foul Ball, location: 2F 3-2: Fly out, F9 (Flyball, 9LS, EV 89.4 MPH)
|
Batting: RHB Wali Mulogo
|
0-0: Called Strike 0-1: Foul Ball, location: 2F 0-2: Foul Ball, location: 2F 0-2: Fly out, F7 (Flyball, 7, EV 89.4 MPH)
|
Bottom of the 1st over - 0 runs, 2 hits, 0 errors, 2 left on base; Portland 0 - Colorado 0 |
TOP OF THE 2ND |
Portland Angels batting - Pitching for Colorado Avalanche : RHP Jerry Dunne
|
Batting: SHB Yuya Hirata
|
0-0: Ball 1-0: Called Strike 1-1: Fly out, F9 (Flyball, 9, EV 88.1 MPH)
|
Batting: LHB Kevin Feldman
|
0-0: Foul Ball, location: 2F 0-1: Ball 1-1: SINGLE (Groundball, 4MD, EV 98.1 MPH)
|
Batting: RHB Arnaud Derosiers
|
0-0: Ball Kevin Feldman steals 2nd base 1-0: Swinging Strike 1-1: Called Strike 1-2: Ball 2-2: Ball 3-2: SINGLE (Groundball, 6D, EV 93.8 MPH) Kevin Feldman to third
|
Batting: LHB David Coatney
|
0-0: Called Strike 0-1: Called Strike 0-2: Strikes out looking
|
Batting: RHB Mario Martinez
|
0-0: Ball 1-0: Ground out 4-3 (Groundball, 4, EV 87.5 MPH)
|
Top of the 2nd over - 0 runs, 2 hits, 0 errors, 2 left on base; Portland 0 - Colorado 0 |
BOTTOM OF THE 2ND |
Colorado Avalanche batting - Pitching for Portland Angels : RHP Hector Agudelo
|
Batting: RHB Seisaburo Edagawa
|
0-0: Called Strike 0-1: Ground out 3-1 (Groundball, 34, EV 99.4 MPH)
|
Batting: RHB Bob Hayes
|
0-0: Ball 1-0: Ground out 6-3 (Groundball, 6, EV 83.8 MPH)
|
Batting: RHB Aaron Burnet
|
0-0: Ball 1-0: Fly out, F7 (Flyball, 78S, EV 89.4 MPH)
|
Bottom of the 2nd over - 0 runs, 0 hits, 0 errors, 0 left on base; Portland 0 - Colorado 0 |
TOP OF THE 3RD |
Portland Angels batting - Pitching for Colorado Avalanche : RHP Jerry Dunne
|
Batting: RHB Fernando Sosa
|
0-0: Ball 1-0: Foul Ball, location: 2F 1-1: Swinging Strike 1-2: Ball 2-2: Strikes out swinging
|
Batting: RHB Dan Contreras
|
0-0: Ground out 4-3 (Groundball, 34, EV 107.5 MPH)
|
Batting: LHB Ramon Garduno
|
0-0: Fly out, F8 (Flyball, 78D, EV 83.8 MPH)
|
Top of the 3rd over - 0 runs, 0 hits, 0 errors, 0 left on base; Portland 0 - Colorado 0 |
BOTTOM OF THE 3RD |
Colorado Avalanche batting - Pitching for Portland Angels : RHP Hector Agudelo
|
Batting: RHB Mike Chiquete
|
0-0: Ball 1-0: Called Strike 1-1: Swinging Strike 1-2: Ball 2-2: Strikes out swinging
|
Batting: LHB Mick Tucker
|
0-0: Called Strike 0-1: Foul Ball, location: 2F 0-2: Foul Ball, location: 2F 0-2: Ball 1-2: Foul Ball, location: 2F 1-2: Foul Ball, location: 2F 1-2: Foul Ball, location: 2F 1-2: Ball 2-2: Foul Ball, location: 2F 2-2: SINGLE (Line Drive, 56D, EV 105.0 MPH)
|
Batting: RHB Chris Tatum
|
0-0: Called Strike 0-1: Ball 1-1: Foul Ball, location: 2F 1-2: Ball 2-2: Foul Ball, location: 2F 2-2: Foul Ball, location: 2F 2-2: Ball 3-2: Strikes out swinging Mick Tucker is caught stealing 2nd base 2-4 Batter strikes out.
|
Bottom of the 3rd over - 0 runs, 1 hit, 0 errors, 0 left on base; Portland 0 - Colorado 0 |
TOP OF THE 4TH |
Portland Angels batting - Pitching for Colorado Avalanche : RHP Jerry Dunne
|
Batting: RHB Alex Rosaly
|
0-0: Called Strike 0-1: Swinging Strike 0-2: Ball 1-2: Fly out, F7 (Line Drive, 78M, EV 90.6 MPH)
|
Batting: SHB Yuya Hirata
|
0-0: Called Strike 0-1: Ball 1-1: Ground out U3 (Groundball, 3, EV 81.9 MPH)
|
Batting: LHB Kevin Feldman
|
0-0: Foul Ball, location: 2F 0-1: Swinging Strike 0-2: Ball 1-2: Fly out, F9 (Flyball, 89M, EV 90.6 MPH)
|
Top of the 4th over - 0 runs, 0 hits, 0 errors, 0 left on base; Portland 0 - Colorado 0 |
BOTTOM OF THE 4TH |
Colorado Avalanche batting - Pitching for Portland Angels : RHP Hector Agudelo
|
Batting: LHB Zane Kelton
|
0-0: Called Strike 0-1: Ball 1-1: Foul Ball, location: 2F 1-2: Foul Ball, location: 2F 1-2: Ball 2-2: Fly out, F9 (Flyball, 89S, EV 86.9 MPH)
|
Batting: LHB Glenn Lowther
|
0-0: Called Strike 0-1: Ball 1-1: Ball 2-1: Foul Ball, location: 2F 2-2: Strikes out swinging
|
Batting: RHB Wali Mulogo
|
0-0: Called Strike 0-1: Ball 1-1: Ball 2-1: Ball 3-1: Called Strike 3-2: Base on Balls
|
Batting: RHB Seisaburo Edagawa
|
0-0: Called Strike 0-1: Ball 1-1: Foul Ball, location: 2F 1-2: Foul Ball, location: 2F 1-2: Ground out 4-3 (Groundball, 4, EV 101.9 MPH)
|
Bottom of the 4th over - 0 runs, 0 hits, 0 errors, 1 left on base; Portland 0 - Colorado 0 |
TOP OF THE 5TH |
Portland Angels batting - Pitching for Colorado Avalanche : RHP Jerry Dunne
|
Batting: RHB Arnaud Derosiers
|
0-0: Ball 1-0: Ball 2-0: Ball 3-0: Base on Balls
|
Batting: LHB David Coatney
|
0-0: Ball 1-0: Fly out, F7 (Line Drive, 7D, EV 103.1 MPH)
|
Batting: RHB Mario Martinez
|
0-0: Ball 1-0: Ball 2-0: Ball 3-0: Base on Balls Arnaud Derosiers to second
|
Batting: RHB Fernando Sosa
|
0-0: SINGLE (Flyball, 8RS, EV 93.1 MPH) Arnaud Derosiers to third Mario Martinez to second Runner from 3rd tries for Home, SAFE, throw by CF to home
|
Batting: RHB Dan Contreras
|
0-0: Foul Ball, location: 2F 0-1: Ball 1-1: Foul Ball, location: 2F 1-2: Fly out, F5 (Popup, 5F, EV 79.4 MPH)
|
Batting: LHB Ramon Garduno
|
0-0: Ball 1-0: Called Strike 1-1: Ball 2-1: Ball 3-1: Called Strike 3-2: Strikes out looking
|
Top of the 5th over - 1 run, 1 hit, 0 errors, 2 left on base; Portland 1 - Colorado 0 |
BOTTOM OF THE 5TH |
Colorado Avalanche batting - Pitching for Portland Angels : RHP Hector Agudelo
|
Batting: RHB Bob Hayes
|
0-0: Called Strike 0-1: Foul Ball, location: 2F 0-2: DOUBLE (Flyball, 78XD, EV 99.4 MPH)
|
Pitching: RHP Austin Reitz
|
|
Pinch Hitting: LHB Georges Lambert
|
0-0: Ball 1-0: Ball 2-0: Ball 3-0: Called Strike 3-1: Base on Balls
|
Pinch Hitting: SHB Clayton Saunders
|
0-0: Called Strike 0-1: Ball 1-1: Foul Ball, location: 2F 1-2: Fielders Choice at 2nd, 1-6 (Groundball, 13, EV 68.8 MPH) Bob Hayes to third
|
Batting: LHB Mick Tucker
|
0-0: Ball 1-0: Ball 2-0: DOUBLE (Line Drive, 89D, EV 98.8 MPH) Bob Hayes scores Clayton Saunders to third Runner from 3rd tries for Home, SAFE, throw by CF to home
|
Batting: RHB Chris Tatum
|
0-0: Ball Passed Ball! Mick Tucker to third 1-0: Foul Ball, location: 2F 1-1: SINGLE (Groundball, 4MD, EV 106.2 MPH) Mick Tucker scores
|
Batting: LHB Zane Kelton
|
0-0: Ball 1-0: Called Strike 1-1: Ball 2-1: Ball 3-1: Base on Balls Chris Tatum to second
|
Batting: LHB Glenn Lowther
|
0-0: Foul Ball, location: 2F 0-1: Foul Ball, location: 2F 0-2: Foul Ball, location: 2F 0-2: Fly out, F8 (Line Drive, 8RD, EV 83.8 MPH)
|
Batting: RHB Wali Mulogo
|
0-0: Called Strike 0-1: Ball 1-1: Ball Wild Pitch! Chris Tatum to third Zane Kelton to second 2-1: Called Strike 2-2: Strikes out swinging
|
Bottom of the 5th over - 3 runs, 3 hits, 0 errors, 2 left on base; Portland 1 - Colorado 3 |
TOP OF THE 6TH |
Portland Angels batting - Pitching for Colorado Avalanche : RHP Jerry Dunne
|
Now at 2B: Carlos de Jesus
|
|
Now at SS: Zane Kelton
|
|
Now in CF: Ken Griffey IV
|
|
Batting: RHB Alex Rosaly
|
0-0: Ball 1-0: Ball 2-0: Called Strike 2-1: SINGLE (Groundball, 34D, EV 98.1 MPH)
|
Batting: SHB Yuya Hirata
|
0-0: Ball Alex Rosaly steals 2nd base 1-0: Called Strike 1-1: Foul Ball, location: 2F 1-2: Fly out, F8 (Line Drive, 8RM, EV 96.2 MPH)
|
Batting: LHB Kevin Feldman
|
0-0: Fly out, F9 (Flyball, 89M, EV 85.0 MPH)
|
Batting: RHB Arnaud Derosiers
|
0-0: Called Strike 0-1: Foul Ball, location: 2F 0-2: Foul Ball, location: 2F 0-2: Strikes out looking
|
Top of the 6th over - 0 runs, 1 hit, 0 errors, 1 left on base; Portland 1 - Colorado 3 |
BOTTOM OF THE 6TH |
Colorado Avalanche batting - Pitching for Portland Angels : RHP Austin Reitz
|
Batting: RHB Seisaburo Edagawa
|
0-0: Ball 1-0: Foul Ball, location: 2F 1-1: Called Strike 1-2: Strikes out swinging
|
Batting: RHB Bob Hayes
|
0-0: Swinging Strike 0-1: Swinging Strike 0-2: DOUBLE (Line Drive, 5D, EV 106.2 MPH)
|
Batting: RHB Carlos de Jesus
|
0-0: Called Strike 0-1: Foul Ball, location: 2F 0-2: Ball 1-2: Foul Ball, location: 2F 1-2: Ball 2-2: Foul Ball, location: 2F 2-2: Foul Ball, location: 2F 2-2: Foul Ball, location: 2F 2-2: Ball 3-2: SINGLE (Groundball, 34, EV 105.0 MPH) (infield hit) Bob Hayes to third
|
Batting: SHB Ken Griffey IV
|
0-0: Called Strike 0-1: Ball 1-1: SINGLE (Line Drive, 6D, EV 95.6 MPH) Bob Hayes scores Carlos de Jesus to second
|
Pitching: RHP Jerry Romero
|
|
Batting: LHB Mick Tucker
|
0-0: Ball 1-0: Swinging Strike 1-1: Ball 2-1: Ball 3-1: Base on Balls Carlos de Jesus to third Ken Griffey IV to second
|
Batting: RHB Chris Tatum
|
0-0: Ball 1-0: Foul Ball, location: 2F 1-1: Foul Ball, location: 2F 1-2: Ball 2-2: GRAND SLAM HOME RUN (Line Drive, 9LD, EV 93.1 MPH), Distance : 344 ft
|
Batting: LHB Zane Kelton
|
0-0: Ball 1-0: DOUBLE (Line Drive, 9LM, EV 104.4 MPH)
|
Batting: LHB Glenn Lowther
|
0-0: Called Strike 0-1: Foul Ball, location: 2F 0-2: Ground out 5-3 (Groundball, 5L, EV 90.6 MPH)
|
Batting: RHB Wali Mulogo
|
0-0: Called Strike 0-1: Ground out U3 (Groundball, 3, EV 84.4 MPH)
|
Bottom of the 6th over - 5 runs, 5 hits, 0 errors, 1 left on base; Portland 1 - Colorado 8 |
TOP OF THE 7TH |
Portland Angels batting - Pitching for Colorado Avalanche : RHP Jerry Dunne
|
Batting: LHB David Coatney
|
0-0: Called Strike 0-1: Fly out, F7 (Flyball, 7, EV 86.2 MPH)
|
Batting: RHB Mario Martinez
|
0-0: Ball 1-0: Ground out U3 (Groundball, 3L, EV 86.9 MPH)
|
Batting: RHB Fernando Sosa
|
0-0: Ball 1-0: Foul Ball, location: 2F 1-1: Foul Ball, location: 2F 1-2: Fly out, F7 (Line Drive, 7, EV 104.4 MPH)
|
Top of the 7th over - 0 runs, 0 hits, 0 errors, 0 left on base; Portland 1 - Colorado 8 |
BOTTOM OF THE 7TH |
Colorado Avalanche batting - Pitching for Portland Angels : RHP Jerry Romero
|
Batting: RHB Seisaburo Edagawa
|
0-0: Called Strike 0-1: Ball 1-1: Foul Ball, location: 2F 1-2: Fly out, F8 (Flyball, 8LD, EV 79.4 MPH)
|
Pinch Hitting: SHB Rich McDonald
|
0-0: Ball 1-0: Fly out, F4 (Line Drive, 4, EV 63.1 MPH)
|
Pinch Hitting: SHB Alfonso Chacon
|
0-0: Called Strike 0-1: Fly out, F8 (Line Drive, 89S, EV 97.5 MPH)
|
Bottom of the 7th over - 0 runs, 0 hits, 0 errors, 0 left on base; Portland 1 - Colorado 8 |
TOP OF THE 8TH |
Portland Angels batting - Pitching for Colorado Avalanche : RHP Jerry Dunne
|
Now at 2B: Alfonso Chacon
|
|
Now at 3B: Rich McDonald
|
|
Batting: RHB Dan Contreras
|
0-0: Swinging Strike 0-1: Ball 1-1: Foul Ball, location: 2F 1-2: Foul Ball, location: 2F 1-2: Strikes out swinging
|
Batting: LHB Ramon Garduno
|
0-0: Called Strike 0-1: SOLO HOME RUN (Flyball, 89XD, EV 113.8 MPH), Distance : 444 ft
|
Batting: RHB Alex Rosaly
|
0-0: Ball 1-0: Foul Ball, location: 2F 1-1: Called Strike 1-2: Foul Ball, location: 2F 1-2: Foul Ball, location: 2F 1-2: Ball 2-2: Foul Ball, location: 2F 2-2: SOLO HOME RUN (Flyball, 7LD, EV 96.9 MPH), Distance : 361 ft
|
Batting: SHB Yuya Hirata
|
0-0: Ball 1-0: Swinging Strike 1-1: Called Strike 1-2: Ground out 4-3 (Groundball, 4, EV 91.9 MPH)
|
Batting: LHB Kevin Feldman
|
0-0: Called Strike 0-1: Ball 1-1: Swinging Strike 1-2: Strikes out swinging
|
Top of the 8th over - 2 runs, 2 hits, 0 errors, 0 left on base; Portland 3 - Colorado 8 |
BOTTOM OF THE 8TH |
Colorado Avalanche batting - Pitching for Portland Angels : RHP Jerry Romero
|
Batting: SHB Ken Griffey IV
|
0-0: Ball 1-0: SINGLE (Groundball, 34S, EV 68.8 MPH) (infield hit)
|
Batting: LHB Mick Tucker
|
0-0: Ball Ken Griffey IV steals 2nd base 1-0: Called Strike 1-1: Foul Ball, location: 2F 1-2: Strikes out looking
|
Batting: RHB Chris Tatum
|
0-0: Called Strike 0-1: Foul Ball, location: 2F 0-2: Ball 1-2: Ball 2-2: Ground out 6-3 (Groundball, 6, EV 105.6 MPH)
|
Batting: LHB Zane Kelton
|
0-0: Ball 1-0: Called Strike 1-1: Foul Ball, location: 2F 1-2: Strikes out swinging
|
Bottom of the 8th over - 0 runs, 1 hit, 0 errors, 1 left on base; Portland 3 - Colorado 8 |
TOP OF THE 9TH |
Portland Angels batting - Pitching for Colorado Avalanche : RHP Jerry Dunne
|
Pitching: LHP Dan Ott
|
|
Batting: RHB Arnaud Derosiers
|
0-0: Ball 1-0: Foul Ball, location: 2F 1-1: Ball 2-1: Swinging Strike 2-2: Foul Ball, location: 2F 2-2: Ball 3-2: Foul Ball, location: 2F 3-2: Foul Ball, location: 2F 3-2: Strikes out swinging
|
Batting: LHB David Coatney
|
0-0: Ball 1-0: Ball 2-0: Ball 3-0: Base on Balls
|
Batting: RHB Mario Martinez
|
0-0: Called Strike 0-1: Foul Ball, location: 2F 0-2: Strikes out swinging
|
Batting: RHB Fernando Sosa
|
0-0: Ball 1-0: Swinging Strike 1-1: Ball 2-1: Ball 3-1: Base on Balls David Coatney to second
|
Pitching: LHP Juan Vargas
|
|
Batting: RHB Dan Contreras
|
0-0: Foul Ball, location: 2F 0-1: Ball 1-1: Foul Ball, location: 2F 1-2: Strikes out swinging
|
Top of the 9th over - 0 runs, 0 hits, 0 errors, 2 left on base; Portland 3 - Colorado 8 |
|